 Dungeon Crawl Stone Soup version 0.28-a0-461-g2dc4ca5097 (webtiles) character file.

Game seed: 9026766196640699764

7 Zenkrye the Firebug (level 2, 0/19 HPs)
             Began as a Tengu Cinder Acolyte on Sept 13, 2021.
             Was a High Priest of Ignis.
             Slain by a ball python (1 damage)
             ... on level 1 of the Dungeon.
             The game lasted 00:00:45 (382 turns).

Zenkrye the Firebug (Tengu Cinder Acolyte)           Turns: 382, Time: 00:00:45

Health: 0/19       AC:  2    Str: 14    XL:     2   Next: 0%
Magic:  4/4        EV: 11    Int: 14    God:    Ignis [*****.]
Gold:   13         SH:  0    Dex:  9    Spells: 3/3 levels left

rFire   + . .      SeeInvis .   a - -1 hand axe (flame)
rCold   . . .      Faith    .   (no shield)
rNeg    . . .      Spirit   .   b - +0 robe
rPois   .          Reflect  .   (helmet restricted)
rElec   .          Harm     .   (no cloak)
rCorr   .          Rampage  .   (no gloves)
Will    .....                   (boots unavailable)
Stlth   +.........              (no amulet)
HPRegen 0.06/turn               (no ring)
MPRegen 0.09/turn               (no ring)

@: no status effects
A: beak, talons 3
a: Renounce Religion, Sea of Fire, Foxfire Swarm, Rising Flame


You were on level 1 of the Dungeon.
You worshipped Ignis.
Ignis was extremely pleased with you.
You visited 1 branch of the dungeon, and saw 1 of its levels.

You collected 13 gold pieces.

Inventory:

Hand Weapons
 a - a -1 hand axe of flaming (weapon)
Armour
 b - a +0 robe (worn)


   Skills:
 + Level 3.1 Fighting
 + Level 3.4 Axes
 + Level 1.2 Spellcasting
 + Level 3.4 Fire Magic


You had 3 spell levels left.
You didn't know any spells.
Your spell library contained the following spells:

 Spells                   Type           Power      Damage    Failure   Level
 Scorch                   Fire           20%        2d6       10%         2


Dungeon Overview and Level Annotations

Branches:
Dungeon (1/15)

Altars:


Innate Abilities, Weirdness & Mutations

You have a beak for a mouth.
You have claws for feet.


Message History

The ball python hisses angrily.
You hit the ball python. You burn the ball python.
You kill the ball python!
No target in view!
No target in view!
You see here a ball python corpse.
Found a faded altar of an unknown god.
You now have 13 gold pieces (gained 8).
Found a stone staircase leading down.
You open the door.
A dart slug comes into view.
A goblin comes into view. It is wielding a +0 dagger.
The goblin shouts!
The dart slug launches a dart at you. The slug dart misses you.
There is an open door here.
You hit the dart slug but do no damage. You peck the dart slug.
The dart slug is moderately wounded.
The dart slug launches a dart at you. The slug dart hits you.
You hit the dart slug but do no damage. You peck the dart slug.
The dart slug is severely wounded.
A ball python comes into view.
The dart slug bites you. The goblin hits you with a +0 dagger.
You are too injured to fight recklessly!
You are too injured to fight recklessly!
You are too injured to fight recklessly!
The goblin closely misses you.
There is an open door here.
You barely miss the goblin. The goblin hits you with a +0 dagger.
* * * LOW HITPOINT WARNING * * *
You hit the goblin. You burn the goblin.
You kill the goblin!
You hit the dart slug but do no damage. You claw the dart slug.
You kill the dart slug!
You have reached level 2!
You aren't carrying any potions.
You barely miss the ball python. The ball python barely misses you. x2
The ball python bites you.
You die...

#.#####........ #.#
#.######. #.# #.#.####.
##########.#####.#....#.
#>......................
#.......................
################..#.#.####.
........########..#.#......
........'S@.......#........
........#####.........#....
........# #............#.
........# #.........####.
........# #..._........).
.......S# #........###..#
........# #........# ##..
........# ########## #..
#..


You could see a ball python.

Vanquished Creatures
  A dart slug (D:1)
  An endoplasm (D:1)
  A ball python (D:1)
  2 goblins (D:1)
5 creatures vanquished.

Notes
Turn   | Place    | Note
-------+----------+-------------------------------------------
     0 | D:1      | Zenkrye the Tengu Cinder Acolyte began the quest for the
                  | Orb.
     0 | D:1      | Reached XP level 1. HP: 14/14 MP: 3/3
   339 | D:1      | Found a faded altar of an unknown god.
   381 | D:1      | Reached XP level 2. HP: 1/19 MP: 4/4
   382 | D:1      | Slain by a ball python

Illustrated notes

Levels and vault maps discovered:
D:1:      roderic_crossed_star, layout_basic, basic_ecumenical_altar,
          minmay_pentomino_s2

Action                   || total
-------------------------++-------
Melee: Hand axe          ||    13
       Peck              ||     3
       Kick              ||     1
Armor: Robe              ||     1
Dodge: Dodged            ||     9

Table legend: (Time is in decaauts)
 A = Elapsed time spent in this place.
 B = Non-inter-level travel time spent in this place.
 C = Inter-level travel time spent in this place.
 D = Time resting spent in this place.
 E = Time spent auto-exploring this place.
 F = Levels seen in this place.
 G = Mean time per level.
                   A        B        C        D        E       F      G
               +--------+--------+--------+--------+--------+-----+--------+
         Total |    383 |    383 |      0 |    272 |     77 |   1 |  383.0 |
       Dungeon |    383 |    383 |      0 |    272 |     77 |   1 |  383.0 |
               +--------+--------+--------+--------+--------+-----+--------+

Top non-repeatable levels by time:
     D:1: 383 daAuts
